 Dungeon Crawl Stone Soup version 0.27.1-34-g3ba077fa99 (webtiles) character file.

Game seed: 17287872685556690882

172 MisterFreud the Skirmisher (level 5, -3/52 HPs)
             Began as a Minotaur Abyssal Knight on Jan 3, 2022.
             Was a Follower of Lugonu.
             Slain by a black bear (8 damage)
             ... on level 3 of the Dungeon.
             The game lasted 00:02:33 (3320 turns).

MisterFreud the Skirmisher (MiAK)                   Turns: 3320, Time: 00:02:34

Health: -3/52      AC:  6    Str: 17    XL:     5   Next: 27%
Magic:  5/5        EV: 10    Int:  9    God:    Lugonu [*.....]
Gold:   93         SH:  0    Dex: 10    Spells: 4/4 levels left

rFire    . . .     SeeInvis .   a - +1 falchion
rCold    . . .     Faith    .   (no shield)
rNeg     . . .     Spirit   .   l - +0 ring mail
rPois    .         Reflect  .   (helmet restricted)
rElec    .         Harm     .   (no cloak)
rCorr    .         Rampage  .   k - +0 pair of gloves
Will     .....                  (no boots)
Stlth    ..........             (no amulet)
HPRegen  0.17/turn              (no ring)
MPRegen  0.09/turn              (no ring)

@: no status effects
A: horns 2, retaliatory headbutt
a: Renounce Religion, Depart the Abyss


You were on level 3 of the Dungeon.
You worshipped Lugonu.
Lugonu was aware of your devotion.
You visited 1 branch of the dungeon, and saw 4 of its levels.
You visited the Abyss 1 time.

You collected 93 gold pieces.

Inventory:

Hand Weapons
 a - a +1 falchion (weapon)
Armour
 b - a +0 leather armour
 k - a +0 pair of gloves (worn)
 l - a +0 ring mail (worn)
Scrolls
 c - 2 scrolls of fear {unknown}
 d - 2 scrolls of summoning {unknown}
 e - 3 scrolls of identify {unknown}
 f - a scroll of holy word {unknown}
 g - a scroll of magic mapping {unknown}
 h - a scroll of enchant weapon {unknown}
 j - a scroll of immolation {unknown}
Potions
 i - a potion of curing {unknown}


   Skills:
 + Level 7.3 Fighting
 - Level 2.4 Long Blades
 - Level 2.4 Armour
 - Level 1.1 Dodging
 - Level 1.7 Invocations


You had 4 spell levels left.
You didn't know any spells.
Your spell library contained the following spells:

 Spells                   Type           Power      Damage    Failure   Level
 Foxfire                  Conj/Fire      0%         2x1d4     58%         1
 Corpse Rot               Necr/Air       N/A        N/A       73%         2
 Poisonous Vapours        Pois/Air       0%         N/A       73%         2
 Conjure Flame            Conj/Fire      0%         6-21      91%         3
 Inner Flame              Hex/Fire       0%         N/A       91%         3
 Ozocubu's Armour         Ice            0%         N/A       91%         3
 Fireball                 Conj/Fire      0%         3d3       100%        5
 Freezing Cloud           Conj/Ice/Air   0%         6-21      100%        5
 Metabolic Englaciation   Hex/Ice        0%         N/A       100%        5
 Simulacrum               Ice/Necr       0%         N/A       100%        6
 Starburst                Conj/Fire      0%         6d3       100%        6
 Ignition                 Fire           0%         3d3       100%        8


Dungeon Overview and Level Annotations

Branches:
Dungeon (4/15)
 Temple: D:4-7

Altars:


Innate Abilities, Weirdness & Mutations

You have a pair of horns on your head.
You reflexively headbutt those who attack you in melee.


Message History

The black bear is severely wounded.
The black bear bites you. The black bear closely misses you.
The black bear claws you.
You hit the black bear.
The black bear is almost dead.
The black bear goes berserk!
You closely miss the black bear.
The black bear is almost dead.
The black bear bites you. The black bear claws you. The black bear misses you.
The black bear barely misses you.
The black bear claws you but does no damage.
The black bear barely misses you.
You hit the black bear but do no damage.
You headbutt the black bear, but do no damage.
The black bear is almost dead.
The black bear bites you!
The black bear claws you but does no damage.
The black bear claws you.
* * * LOW HITPOINT WARNING * * *
The black bear closely misses you.
You riposte.
You hit the black bear but do no damage.
The black bear is severely wounded.
The black bear claws you but does no damage.
The black bear claws you.
* * * LOW HITPOINT WARNING * * *
You hit the black bear.
The black bear is almost dead.
The black bear closely misses you. The black bear barely misses you.
The black bear claws you but does no damage.
The black bear bites you.
* * * LOW HITPOINT WARNING * * *
The black bear claws you.
* * * LOW HITPOINT WARNING * * *
The black bear claws you.
* * * LOW HITPOINT WARNING * * *
Unknown command.
You hit the black bear.
The black bear is almost dead.
The black bear bites you!
You die...

##.## #.......# ##### ###...##
#.#####.# #...###
#......####.#####.# #......
..#.........<..##.# #...###
####.######.......# ##.## #.#
####.#### #.# #.# #.# #.## ##'##
#####.#### #..# ###...##
#.....h@.# ##.#
##.....###.###.##.# ##.#
#.......##.###.##.# #######..#
.........#.##...#.####........###
.........'.......#...............
.......<.#.##...#.####.####...###
#......>##.###.##.# #.# #....#
##.....###........# #.# #..###
##...## #######.## #.# #..#


You could see a black bear (berserk).

Vanquished Creatures
  An orc priest (D:3)
  An orc wizard (D:3)
  5 adders
  A worm (D:3)
  2 dart slugs (D:2)
  2 orcs (D:3)
  6 endoplasms
  5 giant cockroaches
  6 goblins
  4 hobgoblins
  4 quokkas
  4 ball pythons
  7 bats
  3 frilled lizards
  5 kobolds
  2 rats
58 creatures vanquished.

Vanquished Creatures (others)
  An orc wizard (D:3)
1 creature vanquished.

Grand Total: 59 creatures vanquished

Notes
Turn   | Place    | Note
-------+----------+-------------------------------------------
     0 | Abyss:1  | MisterFreud the Minotaur Abyssal Knight began the quest for
                  | the Orb.
     0 | Abyss:1  | Reached XP level 1. HP: 19/19 MP: 1/1
    34 | Abyss:1  | Noticed a thrashing horror
    35 | D:1      | Escaped the Abyss
   359 | D:1      | Reached skill level 4 in Fighting
   520 | D:1      | Reached XP level 2. HP: 21/28 MP: 2/2
   521 | D:1      | Reached * piety under Lugonu
   995 | D:1      | Found a faded altar of an unknown god.
  1244 | D:2      | Reached skill level 5 in Fighting
  1292 | D:2      | Reached XP level 3. HP: 31/36 MP: 3/3
  1651 | D:2      | Reached XP level 4. HP: 44/44 MP: 4/4
  1680 | D:2      | Reached skill level 6 in Fighting
  2548 | D:3      | Reached skill level 7 in Fighting
  2548 | D:3      | Reached XP level 5. HP: 4/52 MP: 5/5
  3308 | D:4      | Noticed a black bear
  3320 | D:3      | Slain by a black bear

Illustrated notes

Levels and vault maps discovered:
D:1:      sevenhm_arrival_forest_fort_small_1, layout_loops_ring,
          shapermc_ecumenical_altar_flowoftime, kennysheep_decorative_pillar
D:2:      layout_rooms
D:3:      layout_loops_corners
D:4:      layout_loops_ring, chequers_temple_overflow_minitemple,
          trog_hazing_becter, uniq_pikel, uniq_menkaure, uniq_natasha,
          uniq_purgy

Skill      XL: |  1  2  3  4 |
---------------+-------------+-----
Fighting       | 4 5 7 |  7.3
Long Blades    | |  2.4
Armour         | |  2.4
Dodging        | |  1.1
Invocations    | |  1.7

Action                   |  1- 3 |  4- 6 || total
-------------------------+-------+-------++-------
Melee: Falchion          |    72 |    69 ||   141
       Headbutt          |     8 |     8 ||    16
Invok: Depart the Abyss  |     1 |       ||     1
Armor: Leather armour    |    23 |    15 ||    38
       Ring mail         |       |     7 ||     7
Dodge: Dodged            |    42 |    40 ||    82
       Rpst.: Falchion   |    10 |     8 ||    18
